Map: Eastwatch LE

Players

Trizztein - Winner!

  • Race: Terran Terran
  • League: Diamond
  • Spawn Location: 1:00

GHalleck

  • Race: Terran Terran
  • League: Diamond
  • Spawn Location: 7:00

VOD

Have the link to the VOD?

Description

Time

  • Played on: Feb. 25, 2018, 8:55 a.m.
  • Length: 13:07
Show
View Real Time Build Order
Export as new Build Order

Trizztein Terran - Winner!

Build Orders: Cyclone Opening, Reaper Expand, Bio Tank 

Get SALT Encoding   

  12  0:01  SCV  
  13  0:13  SCV  
  14  0:17  Supply Depot  
  14  0:25  SCV  
  15  0:32  Refinery  
  15  0:39  SCV  
  16  0:46  Barracks  
  16  0:51  SCV  
  17  1:03  SCV  
  18  1:15  SCV  
  19  1:33  Orbital Command, Reaper  
  20  1:45  Command Center  
  20  1:57  Factory  
  21  2:01  SCV  
  21  2:07  Refinery  
  21  2:10  Reaper  
  22  2:19  Supply Depot  
  22  2:20  SCV  
  23  2:41  SCV  
  23  2:42  Cyclone  
  23  2:43  Barracks  
  27  2:53  SCV  
  28  2:59  Orbital Command  
  28  3:05  SCV  
  29  3:15  Cyclone  
  29  3:17  SCV  
  33  3:20  Engineering Bay  
  33  3:26  SCV  
  34  3:29  SCV, Barracks Reactor  
  34  3:30  Barracks Tech Lab  
  35  3:38  SCV  
  36  3:41  SCV  
  36  3:44  Supply Depot  
  37  3:48  Terran Infantry Weapons Level 1  
  37  3:50  SCV  
  37  3:51  Marine  
  37  3:53  SCV  
  37  3:54  Stimpack  
  40  4:00  Factory Reactor  
  40  4:03  SCV  
  40  4:05  Refinery  
  40  4:07  Marine x2, SCV  
  44  4:18  Starport  
  44  4:21  SCV x2  
  44  4:23  Marine  
  47  4:25  Marine  
  47  4:28  Supply Depot  
  48  4:32  Supply Depot  
  48  4:33  SCV x2  
  48  4:34  Marine  
  51  4:41  Marine  
  51  4:43  Marine  
  51  4:45  SCV  
  54  4:46  Factory Tech Lab  
  54  4:49  SCV  
  54  4:52  Marine  
  55  4:57  SCV  
  55  4:58  Supply Depot  
  55  4:59  Marine  
  58  5:00  Medivac, Marine  
  58  5:01  Medivac, SCV  
  64  5:09  Siege Tank, SCV  
  64  5:10  Marine  
  64  5:13  SCV  
  70  5:19  Marine x2  
  72  5:25  SCV x2  
  72  5:28  Marine  
  74  5:31  Refinery  
  75  5:37  Marine  
  75  5:42  SCV  
  77  5:43  Marine  
  77  5:44  Command Center  
  77  5:49  Supply Depot  
  78  5:54  Combat Shields  
  78  5:56  Supply Depot  
  78  6:02  Barracks x2  
  78  6:10  Marine x3  
  78  6:11  SCV x2  
  83  6:18  Engineering Bay, Armory, Terran Infantry Armor Level 1  
  82  6:23  SCV x2  
  84  6:26  Supply Depot  
  84  6:28  Marine  
  85  6:35  SCV x2  
  70  6:47  SCV x2  
  70  6:50  Marine x3  
  70  6:52  Barracks Reactor x2  
  75  6:56  Barracks  
  75  6:57  Factory  
  75  6:59  Siege Tank  
  71  7:05  Terran Infantry Weapons Level 2  
  71  7:07  Terran Vehicle Weapons Level 1  
  71  7:08  Marine x3  
  72  7:11  SCV  
  72  7:13  Concussive Shells  
  75  7:18  SCV  
  75  7:19  Orbital Command  
  75  7:45  SCV x2  
  75  7:46  SCV  
  75  8:23  Factory Tech Lab  
  75  8:25  Siege Tank  
  75  8:26  SCV x2  
  75  8:28  Supply Depot  
  75  8:30  Supply Depot  
  75  8:32  Marine x5  
  75  8:33  Marine x3  
  75  8:42  Starport x3  
  75  8:43  Terran Infantry Armor Level 2  
  75  8:48  SCV x3  
  75  8:50  Marine x2  
  75  8:55  Refinery  
  75  8:56  Refinery  
  75  8:57  Siege Tank  
  75  9:22  Marine x6  
  75  9:23  Siege Tank  
  75  9:24  Medivac x2  
  75  9:29  Siege Tank  
  75  9:40  SCV  
  75  9:42  Marine x6  
  75  9:43  Marine x2  
  75  9:45  SCV  
  75  9:46  SCV  
  75  9:52  Supply Depot  
  75  9:53  Supply Depot x2  
  75  9:56  Liberator  
  75  9:57  Liberator, Starport Reactor x3  
  75  10:00  Marine x5  
  75  10:04  Marine  
  75  10:13  Siege Tank, Marine x2  
  75  10:14  Siege Tank  
  75  10:18  Marine x3, Supply Depot, Terran Vehicle Weapons Level 2  
  75  10:21  Supply Depot  
  75  10:22  Supply Depot  
  75  10:45  Siege Tank  
  75  10:48  Marine x4  
  75  10:49  Marine x4  
  75  10:51  Supply Depot x2  
  75  10:52  Supply Depot, Viking x4  
  75  10:56  Viking  
  75  10:57  Viking  
  75  11:06  Marine x2  
  75  11:26  Medivac  
  75  11:27  Marine  
  75  11:28  Marine x6  
  75  11:31  Marine  
  75  11:34  Siege Tank x2  
  75  11:45  Marine x3  
  75  11:46  Marine  
  75  11:57  Marine x4  
  75  12:03  Marine  
Show
View Real Time Build Order
Export as new Build Order

GHalleck Terran 

Build Orders: Mech 

Get SALT Encoding   

  12  0:01  SCV  
  13  0:13  SCV  
  14  0:17  Supply Depot  
  14  0:25  SCV  
  15  0:28  Refinery  
  15  0:39  SCV  
  16  0:45  Barracks  
  16  0:51  SCV  
  17  1:03  SCV  
  18  1:15  SCV  
  19  1:33  Orbital Command  
  19  1:35  Marine  
  19  1:37  Factory  
  20  1:53  Marine  
  21  2:00  SCV  
  22  2:10  Command Center  
  22  2:11  Barracks Reactor  
  22  2:13  SCV  
  23  2:22  Factory Tech Lab, Supply Depot  
  23  2:29  Refinery  
  23  2:44  Siege Tank, SCV  
  27  2:52  Marine x2  
  27  2:56  SCV  
  30  3:07  Supply Depot  
  30  3:10  Marine  
  31  3:21  Siege Tank, Marine  
  31  3:22  Orbital Command  
  35  3:28  Marine  
  36  3:37  SCV  
  36  3:39  Marine  
  38  3:41  Starport  
  38  3:49  SCV  
  38  3:50  Marine  
  40  3:56  Marine, SCV  
  40  4:00  Engineering Bay  
  40  4:01  SCV  
  43  4:08  SCV  
  44  4:14  SCV  
  45  4:17  Supply Depot  
  45  4:18  Starport Reactor  
  45  4:20  SCV  
  46  4:26  SCV  
  46  4:28  Missile Turret  
  47  4:31  Missile Turret  
  47  4:33  SCV  
  47  4:34  Siege Tank  
  51  4:38  SCV  
  51  4:41  Supply Depot  
  51  4:45  SCV  
  53  4:50  SCV  
  54  4:53  Command Center  
  54  4:57  SCV  
  54  4:58  Marine  
  57  5:03  SCV  
  57  5:05  Viking  
  59  5:09  Marine, Viking  
  59  5:11  SCV  
  59  5:13  Refinery  
  63  5:15  SCV  
  63  5:16  Refinery  
  63  5:19  Supply Depot  
  64  5:29  SCV, Factory  
  64  5:30  SCV  
  66  5:37  Supply Depot  
  66  5:41  SCV  
  66  5:42  SCV  
  68  5:43  Supply Depot  
  68  5:53  SCV  
  68  5:54  SCV, Bunker  
  70  5:59  Siege Tank  
  70  6:00  Marine x2, Viking  
  77  6:06  SCV x2  
  79  6:16  Orbital Command  
  79  6:23  SCV  
  79  6:24  SCV  
  81  6:28  Marine  
  81  6:29  Marine  
  69  6:59  SCV  
  65  7:01  Siege Tank  
  65  7:06  Viking x2  
  65  7:08  SCV, Factory  
  73  7:11  SCV  
  74  7:20  SCV  
Tags
 
Add a new tag
Caveats
  • Supply blocks, unpowered buildings, or Contaminate may cause inaccurate times.
  • Supply counts are checked every 10 seconds.